 Dungeon Crawl Stone Soup version 0.29-a0-1047-g7c58e119a4 (webtiles) character file.

Game seed: 16771363548178679983

401 Zeldest the Chopper (level 6, -6/48 HPs)
             Began as a Mummy Chaos Knight on Aug 17, 2022.
             Was a Believer of Qazlal.
             Mangled by an ogre
             ... wielding a +0 giant club
              (15 damage)
             ... on level 4 of the Dungeon.
             The game lasted 00:05:35 (4477 turns).

Zeldest the Chopper (Mummy Chaos Knight)            Turns: 4477, Time: 00:05:36

Health: -6/48      AC:  6    Str: 17    XL:     6   Next: 54%
Magic:  8/8        EV: 11    Int: 12    God:    Qazlal [**....]
Gold:   171        SH:  2    Dex: 11    Spells: 5/5 levels left

rFire   x . .      SeeInvis .   a - +0 war axe
rCold   + . .      Faith    .   (no shield)
rNeg    + + +      Spirit   .   b - +2 leather armour
rPois   ∞          Reflect  .   o - +0 helmet
rElec   .          Harm     .   (no cloak)
rCorr   +          Rampage  .   (no gloves)
Will    .....                   (no boots)
Stlth   +.........              i - amulet of the acrobat
HPRegen 0.16/turn               e - ring of resist corrosion
MPRegen 0.11/turn               (no ring)

@: no status effects
A: cold resistance 1, negative energy resistance 3, torment resistance 2, heat
vulnerability 1, in touch with death 1, no potions
a: Renounce Religion, Upheaval


You were on level 4 of the Dungeon.
You worshipped Qazlal.
Qazlal was pleased with you.
You visited 1 branch of the dungeon, and saw 4 of its levels.

You collected 171 gold pieces.

Inventory:

Hand Weapons
 a - a +0 war axe (weapon)
Missiles
 d - 2 throwing nets
Armour
 b - a +2 leather armour (worn)
 o - a +0 helmet (worn)
Jewellery
 e - a ring of resist corrosion (left hand)
 i - an amulet of the acrobat (around neck)
Scrolls
 f - a scroll of summoning {unknown}
 g - 3 scrolls of identify {unknown}
 h - 2 scrolls of enchant weapon {unknown}
 j - 2 scrolls of immolation {unknown}
 k - 3 scrolls of teleportation
 l - 2 scrolls of blinking {unknown}
 m - a scroll of brand weapon {unknown}
 n - a scroll of amnesia {unknown}
Miscellaneous
 c - a piece from Xom's chessboard (15/15) (quivered)


   Skills:
 + Level 4.1 Fighting
 * Level 4.2 Axes
 + Level 2.8 Armour
 - Level 0.7 Dodging
 * Level 2.8 Invocations


You had 5 spell levels left.
You didn't know any spells.
Your spell library contained the following spells:

 Spells                   Type           Power      Damage    Failure   Level
 Summon Small Mammal      Summ           0%         N/A       36%         1
 Call Canine Familiar     Summ           0%         N/A       75%         3
 Summon Guardian Golem    Hex/Summ       0%         N/A       75%         3


Dungeon Overview and Level Annotations

Branches:
Dungeon (4/15)
 Temple: D:4-7

Altars:
Qazlal
Ru

Shops:
D:1 :


Innate Abilities, Weirdness & Mutations

You are immune to poison.
Your flesh is cold resistant. (rC+)
You are immune to negative energy. (rN+++)
You are immune to unholy pain and torment.
You are vulnerable to heat. (rF-)
You are in touch with the powers of death.
You do not drink.


Message History

The gnoll attacks as you move away! The gnoll barely misses you.
The gnoll attacks as you move away! The gnoll completely misses you.
You block the gnoll's attack. The gnoll barely misses you.
The gnoll attacks as you move away! The gnoll hits you with a +0 flail.
The gnoll attacks as you move away! The gnoll closely misses you.
Aiming: Upheaval
Press: ? - help, Dir - move target, f - gnoll
Aim: a gnoll, wielding a +0 spear
Okay, then.
You barely miss the gnoll. The gnoll closely misses you.
Aiming: Upheaval
Press: ? - help, Dir - move target, f - gnoll
Aim: a gnoll, wielding a +0 whip A storm cloud blasts the area with cutting wind!
The cutting wind hits the gnoll!!
You kill the gnoll!
Qazlal accepts your kill. The gnoll hits you with a +0 flail!
You hit the gnoll.
The gnoll is heavily wounded.
The gnoll hits you with a +0 flail.
You slash the gnoll!
You kill the gnoll!
Qazlal accepts your kill.
The gnoll hits you from afar with a +0 spear!
The gnoll hits you from afar with a +0 spear.
The gnoll throws a throwing net.
The throwing net misses you.
The ogre shouts!
You hear an angry hiss.
The ball python hisses angrily.
The ogre hits you with a +0 giant club!!
* * * LOW HITPOINT WARNING * * *
You closely miss the ball python. You hit the ogre.
The ball python completely misses you. The ball python barely misses you.
The ball python bites you but does no damage.
You block the ball python's attack.
You slash the ball python!
You kill the ball python!
Qazlal accepts your kill.
You hit the ogre. The ogre hits you with a +0 giant club!
You die...

#....# #.### ###....# #....
.......############ #####
.........g.g.g.g..# #
........#########.# #
####....# #.....# #.. #!...#
#.....# #.#
#....#######○###### #.#
####)...##.....O@†...# #.#
#.......##.####.####.# #.#
#.......##.# ......#O# #.#
###.....##.#.##.##.#.# #..
##..#†)#.#.#...#.#.########
#..
#..#........_............###..
#..#[##.#.#...#.#.#..###..O...
##.#.##.#.##.##.#.##[########O
#.#.##.# .. ..#.##.#........


You could see an ogre.

Vanquished Creatures
  A phantom (D:4)
  A hound (D:4)
  2 iguanas
  An orc wizard (D:4)
  4 gnolls
  8 adders
  An ufetubus (D:4)
  3 worms
  2 dart slugs
  7 orcs
  10 ball pythons
  7 bats
  10 endoplasms
  2 giant cockroaches
  7 goblins
  7 hobgoblins
  2 jackals (D:2)
  A quokka (D:3)
  A frilled lizard (D:2)
  9 kobolds
  2 rats (D:1)
88 creatures vanquished.

Notes
Turn   | Place    | Note
-------+----------+-------------------------------------------
     0 | D:1      | Zeldest the Mummy Chaos Knight began the quest for the Orb.
     0 | D:1      | Reached XP level 1. HP: 18/18 MP: 1/1
    48 | D:1      | Reached XP level 2. HP: 17/24 MP: 2/2
   398 | D:1      | Gained mutation: You are in touch with the powers of death.
                  | [Mummy growth]
   398 | D:1      | Reached XP level 3. HP: 26/29 MP: 3/3
   425 | D:1      | Found a faded altar of an unknown god.
   452 | D:1      | Prayed at the altar of an unknown god.
   452 | D:1      | Fell from the grace of Xom
   452 | D:1      | Became a worshipper of Qazlal Stormbringer
   452 | D:1      | Reached * piety under Qazlal
   493 | D:1      | Found Ummegast's Book Shop.
   598 | D:1      | XOM: polymorph kobold -> gnoll
   949 | D:2      | XOM: chaos cloud
  1036 | D:2      | XOM: summons 11 hostile demons
  1247 | D:2      | Reached XP level 4. HP: 27/35 MP: 4/4
  1394 | D:2      | Reached skill level 1 in Invocations
  1699 | D:2      | You fall into a shaft and drop 1 floor!
  1827 | D:3      | XOM: 1-stop teleportation journey
  2350 | D:2      | XOM: noise
  2413 | D:2      | XOM: stat loss: -2 Dex (9/11)
  2465 | D:3      | Reached XP level 5. HP: 13/42 MP: 6/6
  2499 | D:3      | XOM: summons 11 hostile demons
  2907 | D:3      | Found a stormy altar of Qazlal.
  2908 | D:3      | Noticed an air elemental
  2909 | D:3      | Noticed a water elemental
  2909 | D:3      | Noticed a fire elemental
  2950 | D:3      | XOM: summons 4 hostile demons
  3244 | D:4      | XOM: 1-stop teleportation journey
  3246 | D:4      | Noticed a phantom
  3261 | D:4      | Killed a phantom
  3262 | D:4      | Reached XP level 6. HP: 13/48 MP: 7/7
  3398 | D:4      | Found a sacrificial altar of Ru.
  3398 | D:4      | XOM: 4-stop teleportation journey
  3651 | D:4      | Reached ** piety under Qazlal
  4477 | D:4      | Mangled by an ogre

Illustrated notes

Levels and vault maps discovered:
D:1:      lemuel_arrival_hallway, layout_rooms, serial_shops,
          nicolae_shop_hallway_stairs, basic_ecumenical_altar,
          minmay_misc_feat_cross, bh_walls_and_bars
D:2:      layout_loops_ring, minmay_tetromino_l2
D:3:      layout_rooms, nicolae_qazlal_style_of_elements, minmay_liquid_box
D:4:      layout_basic, nicolae_ru_sacrificial_ziggurat, lemuel_crystal_altar,
          pf_guarded_unrand_woodcutter

Skill      XL: |  1  2  3  4  5 |
---------------+----------------+-----
Axes           | 3 4 |  4.2
Armour         | 2 |  2.8
Invocations    | 1 2 |  2.8
Fighting       | 4 |  4.1
Dodging        | |  0.7

Action                   |  1- 3 |  4- 6 || total
-------------------------+-------+-------++-------
Melee: Hand axe          |   112 |   128 ||   240
       War axe           |       |   117 ||   117
       Punch             |       |     4 ||     4
Invok: Upheaval          |       |     1 ||     1
Evoke: Piece from Xom's  |       |     2 ||     2
  Use: Scroll            |     1 |     1 ||     2
 Stab: Paralysed         |     1 |       ||     1
       Confused          |       |     1 ||     1
Armor: Leather armour    |    40 |    94 ||   134
Dodge: Dodged            |    87 |   310 ||   397
Block: Other             |     1 |    34 ||    35

Table legend: (Time is in decaauts)
 A = Elapsed time spent in this place.
 B = Non-inter-level travel time spent in this place.
 C = Inter-level travel time spent in this place.
 D = Time resting spent in this place.
 E = Time spent auto-exploring this place.
 F = Levels seen in this place.
 G = Mean time per level.
                   A        B        C        D        E       F      G
               +--------+--------+--------+--------+--------+-----+--------+
         Total |   4549 |   4477 |     72 |   1978 |   1508 |   4 | 1137.2 |
       Dungeon |   4549 |   4477 |     72 |   1978 |   1508 |   4 | 1137.2 |
               +--------+--------+--------+--------+--------+-----+--------+

Top non-repeatable levels by time:
     D:2: 1520 daAuts
     D:4: 1433 daAuts
     D:1: 1012 daAuts
     D:3: 583 daAuts
